 Dungeon Crawl Stone Soup version 0.30-a0-847-g17996783a1 (webtiles) character file.

Game seed: 2823967509414490047

229 porpoise the Sneak (level 6, -3/44 HPs)
             Began as a Gnoll Enchanter on Mar 4, 2023.
             Killed by divine providence
             ... invoked by an orc priest
              (13 damage)
             ... on level 4 of the Dungeon.
             The game lasted 00:11:09 (3144 turns).

porpoise the Sneak (Gnoll Enchanter)                Turns: 3144, Time: 00:11:10

Health: -3/44      AC:  3    Str:  7    XL:     6   Next: 3%
Magic:  31/31      EV: 13    Int: 17    God:
Gold:   165        SH:  0    Dex: 12    Spells: 7/15 levels left

rFire   . . .      SeeInvis .    a - +2 dagger
rCold   . . .      Faith    .    (no shield)
rNeg    . . .      Spirit   .    o - +0 robe
rPois   .          Reflect  .    (no helmet)
rElec   .          Rampage  .    m - +0 cloak
rCorr   .                        (no gloves)
Will    .....                    (no boots)
Stlth   +++                      (no amulet)
HPRegen 0.27/turn                n - ring of magical power
MPRegen 0.22/turn                b - ring of magical power

@: no status effects
A: fangs 1, strong nose, distributed training
a: no special abilities


You were on level 4 of the Dungeon.
You visited 1 branch of the dungeon, and saw 4 of its levels.

You collected 165 gold pieces.

Inventory:

Hand Weapons
 a - a +2 dagger (weapon)
Missiles
 k - 6 poisoned darts (quivered)
Armour
 m - a +0 cloak (worn)
 o - a +0 robe (worn)
Jewellery
 b - a ring of magical power (right hand)
 n - a ring of magical power (left hand)
Scrolls
 f - 3 scrolls of enchant weapon
 i - a scroll of amnesia
 j - a scroll of fog {unknown}
 p - 2 scrolls of poison {unknown}
Potions
 c - 3 potions of invisibility
 d - a potion of heal wounds {unknown}
 e - 2 potions of lignification
 g - a potion of cancellation
 h - a potion of might
 l - a potion of curing {unknown}


   Skills:
 + Level 1.8 Fighting
 + Level 3.1 Short Blades
 + Level 1.8 Long Blades
 + Level 1.8 Axes
 + Level 1.8 Maces & Flails
 + Level 1.8 Polearms
 + Level 1.8 Staves
 + Level 1.8 Ranged Weapons
 + Level 1.8 Throwing
 + Level 1.8 Armour
 + Level 4.9 Dodging
 + Level 6.2 Stealth
 + Level 1.8 Shields
 + Level 1.8 Unarmed Combat
 + Level 5.3 Spellcasting
 + Level 1.4 Conjurations
 + Level 5.6 Hexes
 + Level 1.4 Summonings
 + Level 1.4 Necromancy
 + Level 1.4 Translocations
 + Level 1.4 Transmutations
 + Level 1.4 Fire Magic
 + Level 1.4 Ice Magic
 + Level 1.4 Air Magic
 + Level 1.4 Earth Magic
 + Level 1.4 Poison Magic
 + Level 2.0 Invocations
 + Level 1.8 Evocations


You had 7 spell levels left.
You knew the following spells:

 Your Spells              Type           Power      Damage    Failure   Level
a - Confusing Touch       Hex            23%        N/A       4%          3
e - Ensorcelled Hibernat  Hex/Ice        32%        N/A       4%          2
t - Tukima's Dance        Hex            23%        N/A       4%          3

Your spell library contained the following spells:

 Spells                   Type           Power      Damage    Failure   Level
 Apportation              Tloc           18%        N/A       8%          1
 Freeze                   Ice            36%        1d5       8%          1
 Dazzling Flash           Conj/Hex       32%        N/A       10%         3
 Frozen Ramparts          Ice            18%        1d3       22%         3
 Hailstorm                Conj/Ice       9%         3d4       22%         3
 Alistair's Intoxication  Tmut/Pois      6%         N/A       91%         5


Dungeon Overview and Level Annotations

Branches:
Dungeon (4/15)
 Temple: D:4-7

Altars:
Okawaru
Wu Jian
The Shining One


Innate Abilities, Weirdness & Mutations

You have very sharp teeth.
Your uncanny sense of smell can sniff out nearby items.
Your experience applies equally to all skills.


Message History

Beogh smites you!
The orc priest hits you with a +0 hand axe.
The orc closely misses you.
Casting: Ensorcelled Hibernation (safe; 4% risk of failure)
Confirm with . or Enter, or press ? or * to list all spells.
Your hands begin to glow red.
The orc priest hits you with a +0 hand axe!
The orc priest barely misses you. The orc hits you but does no damage.
You hit the orc priest but do no damage.
The orc hits you but does no damage.
The orc priest hits you with a +0 hand axe.
The orc priest hits you with a +0 short sword.
* * * LOW HITPOINT WARNING * * *
You closely miss the orc priest.
The orc priest hits you with a +0 short sword.
* * * LOW HITPOINT WARNING * * *
The orc barely misses you.
The orc priest hits you with a +0 hand axe.
* * * LOW HITPOINT WARNING * * *
You barely miss the orc priest.
You bite the orc priest, but do no damage.
You hit the orc priest but do no damage.
The orc priest appears confused.
Your bite misses the orc priest.
The orc priest hits you with a +0 short sword.
* * * LOW HITPOINT WARNING * * *
The orc priest begins to cast a cantrip, but forgets the words!
The orc hits you with a +0 hand axe.
* * * LOW HITPOINT WARNING * * *
You fade into invisibility!
The orc priest shouts, "What's happening?!"
The orc priest closely misses you. The orc barely misses you.
The orc priest closely misses you.
The orc priest closely misses the orc.
You see here an adder corpse.
You flicker for a moment.
The orc priest calls down the wrath of Beogh upon something.
You flicker back into view.
The orc priest invokes the aid of Beogh against you.
Beogh smites you!
You die...

.######....### #......# ##...#
######..o.o# #...#............#
##......####.....######
.#########.......# #.......o†o..
...........#####..........######
..#......###...###.....#...#....
.........#......######..._...###
..##........###@..######...####.
..........######.....o######....
..##.....###...###......###....#
. #........._...#####......####
#......#..........###...###..
#......#.......##...#####...#
###################.......###
#########


You could see an orc priest.

Vanquished Creatures
  Natasha (thrice) (D:3)
  7 adders
  A worm (D:2)
  3 dart slugs
  6 ball pythons
  11 bats
  9 endoplasms
  2 giant cockroaches (D:1)
  2 goblins
  5 hobgoblins
  12 jackals
  A quokka (D:3)
  4 frilled lizards
  6 kobolds
  10 rats
82 creatures vanquished.

Notes
Turn   | Place    | Note
-------+----------+-------------------------------------------
     0 | D:1      | porpoise the Gnoll Enchanter began the quest for the Orb.
     0 | D:1      | Reached XP level 1. HP: 13/13 MP: 6/6
   149 | D:1      | Reached XP level 2. HP: 19/19 MP: 7/7
   152 | D:1      | Learned a level 2 spell: Ensorcelled Hibernation
   186 | D:1      | Found a faded altar of an unknown god.
   688 | D:1      | Reached skill level 5 in Spellcasting
   688 | D:1      | Reached XP level 3. HP: 25/25 MP: 7/9
   820 | D:1      | Reached skill level 6 in Stealth
   924 | D:2      | Reached skill level 1 in Invocations
  1026 | D:2      | Reached skill level 1 in Fighting
  1026 | D:2      | Reached skill level 1 in Long Blades
  1026 | D:2      | Reached skill level 1 in Axes
  1026 | D:2      | Reached skill level 1 in Maces & Flails
  1026 | D:2      | Reached skill level 1 in Polearms
  1026 | D:2      | Reached skill level 1 in Staves
  1026 | D:2      | Reached skill level 1 in Ranged Weapons
  1026 | D:2      | Reached skill level 1 in Throwing
  1026 | D:2      | Reached skill level 1 in Armour
  1026 | D:2      | Reached skill level 1 in Shields
  1026 | D:2      | Reached skill level 1 in Unarmed Combat
  1026 | D:2      | Reached skill level 1 in Evocations
  1428 | D:2      | Reached XP level 4. HP: 26/32 MP: 7/11
  1590 | D:2      | Learned a level 3 spell: Confusing Touch
  1594 | D:2      | Learned a level 3 spell: Tukima's Dance
  1682 | D:2      | Reached skill level 1 in Conjurations
  1682 | D:2      | Reached skill level 1 in Summonings
  1682 | D:2      | Reached skill level 1 in Necromancy
  1682 | D:2      | Reached skill level 1 in Translocations
  1682 | D:2      | Reached skill level 1 in Transmutations
  1682 | D:2      | Reached skill level 1 in Fire Magic
  1682 | D:2      | Reached skill level 1 in Ice Magic
  1682 | D:2      | Reached skill level 1 in Air Magic
  1682 | D:2      | Reached skill level 1 in Earth Magic
  1682 | D:2      | Reached skill level 1 in Poison Magic
  2326 | D:3      | Reached XP level 5. HP: 37/37 MP: 12/12
  2458 | D:3      | Noticed Natasha
  2460 | D:3      | Killed Natasha
  2721 | D:3      | Noticed Natasha
  2729 | D:3      | Killed Natasha
  2783 | D:3      | Noticed Natasha
  2789 | D:3      | Killed Natasha
  2917 | D:3      | Found an ornate altar of the Wu Jian Council.
  2924 | D:3      | Noticed a spectral centipede
  2924 | D:3      | Noticed a spectral black mamba
  2924 | D:3      | Noticed a spectral cane toad
  3032 | D:4      | Reached XP level 6. HP: 44/44 MP: 13/13
  3035 | D:4      | Found an iron altar of Okawaru.
  3064 | D:4      | Found a glowing golden altar of the Shining One.
  3108 | D:4      | HP: 1/44 [orc/+0 hand axe (4)]
  3144 | D:4      | Killed from afar by an orc priest

Illustrated notes

Levels and vault maps discovered:
D:1:      amcnicky_arrival_choice, layout_loops_ring,
          nicolae_ecumenical_snake_handling, kennysheep_doodads
D:2:      layout_loops_ring, kennysheep_flooded_box,
          nicolae_kite_square_tiling_tiny
D:3:      layout_basic, pdpol_wu_jian_five_deadly_venoms, uniq_natasha
D:4:      layout_rooms, mainiacjoe_overflow_catch_the_wave,
          minmay_temple_entry_waves, kennysheep_nub, kennysheep_generic_room_8

Skill      XL: |  1  2  3  4  5 |
---------------+----------------+-----
Spellcasting   | 5 |  5.3
Stealth        | 6 |  6.2
Invocations    | 1 2 |  2.0
Fighting       | 1 |  1.8
Long Blades    | 1 |  1.8
Axes           | 1 |  1.8
Maces & Flails | 1 |  1.8
Polearms       | 1 |  1.8
Staves         | 1 |  1.8
Ranged Weapons | 1 |  1.8
Throwing       | 1 |  1.8
Armour         | 1 |  1.8
Shields        | 1 |  1.8
Unarmed Combat | 1 |  1.8
Evocations     | 1 |  1.8
Conjurations   | 1 |  1.4
Summonings     | 1 |  1.4
Necromancy     | 1 |  1.4
Translocations | 1 |  1.4
Transmutations | 1 |  1.4
Fire Magic     | 1 |  1.4
Ice Magic      | 1 |  1.4
Air Magic      | 1 |  1.4
Earth Magic    | 1 |  1.4
Poison Magic   | 1 |  1.4
Short Blades   | 3 |  3.1
Dodging        | |  4.9
Hexes          | |  5.6

Action                     |  1- 3 |  4- 6 || total
---------------------------+-------+-------++-------
  Melee: Dagger            |   100 |    85 ||   185
         Bite              |     4 |     8 ||    12
  Throw: Dart              |     6 |       ||     6
   Cast: Ensorcelled Hiber |    20 |    14 ||    34
         Confusing Touch   |       |     2 ||     2
    Use: Scroll            |       |     4 ||     4
         Potion            |       |     2 ||     2
   Stab: Sleeping          |    21 |    29 ||    50
         Confused          |       |     1 ||     1
         Distracted        |       |     1 ||     1
 Armour: Robe              |    19 |    10 ||    29
  Dodge: Dodged            |    71 |    52 ||   123

Table legend: (Time is in decaauts)
 A = Elapsed time spent in this place.
 B = Non-inter-level travel time spent in this place.
 C = Inter-level travel time spent in this place.
 D = Time resting spent in this place.
 E = Time spent auto-exploring this place.
 F = Levels seen in this place.
 G = Mean time per level.
                   A        B        C        D        E       F      G
               +--------+--------+--------+--------+--------+-----+--------+
         Total |   3119 |   3059 |     60 |    692 |   1539 |   4 |  779.8 |
       Dungeon |   3119 |   3059 |     60 |    692 |   1539 |   4 |  779.8 |
               +--------+--------+--------+--------+--------+-----+--------+

Top non-repeatable levels by time:
     D:2: 1031 daAuts
     D:3: 1007 daAuts
     D:1: 883 daAuts
     D:4: 196 daAuts
